 Dungeon Crawl Stone Soup version 0.28-a0-512-g960c72b710 (webtiles) character file.

Game seed: 16725065373697296429

364 Lekart the Fighter (level 6, -4/72 HPs)
             Began as a Draconian Chaos Knight on Sept 22, 2021.
             Was a Plaything of Xom.
             Killed from afar by a white imp (5 damage)
             ... with a puff of frost
             ... summoned by Xom
             ... on level 3 of the Dungeon.
             The game lasted 00:04:21 (3773 turns).

Lekart the Fighter (Draconian Chaos Knight)         Turns: 3773, Time: 00:04:22

Health: -4/72      AC:  6    Str: 15    XL:     6   Next: 39%
Magic:  6/6        EV: 12    Int: 11    God:    Xom [*.....]
Gold:   88         SH:  0    Dex: 11    Spells: 5/5 levels left

rFire   . . .      SeeInvis .   a - +0 falchion (chaos)
rCold   . . .      Faith    .   (no shield)
rNeg    . . .      Spirit   .   (armour unavailable)
rPois   .          Reflect  .   (helmet restricted)
rElec   .          Harm     .   (no cloak)
rCorr   .          Rampage  .   (no gloves)
Will    .....                   (no boots)
Stlth   +.........              (no amulet)
HPRegen 0.22/turn               (no ring)
MPRegen 0.10/turn               (no ring)

@: silenced, attractive
A: AC +6, unfitting armour, cold-blooded, dopey 1
a: Renounce Religion


You were on level 3 of the Dungeon.
You worshipped Xom.
You were a special plaything of Xom.
You visited 1 branch of the dungeon, and saw 3 of its levels.

You collected 88 gold pieces.

Inventory:

Hand Weapons
 a - a +0 falchion of chaos (weapon)
Jewellery
 d - an amulet of regeneration
 i - a ring of positive energy
Scrolls
 j - a scroll of enchant armour {unknown}
 k - a scroll of fog {unknown}
 l - a scroll of identify {unknown}


   Skills:
 + Level 13.5 Fighting
 + Level 4.6 Long Blades
 + Level 3.1 Dodging
 + Level 1.4 Stealth


You had 5 spell levels left.
You didn't know any spells.
Your spell library contained the following spells:

 Spells                   Type           Power      Damage    Failure   Level
 Animate Skeleton         Necr           0%         N/A       34%         1
 Pain                     Necr           0%         1d4       34%         1
 Ozocubu's Armour         Ice            0%         N/A       71%         3
 Vampiric Draining        Necr           0%         2d6       71%         3
 Metabolic Englaciation   Hex/Ice        0%         N/A       100%        5
 Simulacrum               Ice/Necr       0%         N/A       100%        6


Dungeon Overview and Level Annotations

Branches:
Dungeon (3/15)

Altars:
Uskayaw

Shops:
D:1 (?=??


Innate Abilities, Weirdness & Mutations

Your plain brown scales are hard. (AC +6)
You cannot fit into any form of body armour.
You are cold-blooded and may be slowed by cold attacks.
You are dopey. (Int -2)


Message History

You feel more experienced!
Your Fighting skill gained 9 levels and is now at level 13!
Xom roars with laughter!
You have reached level 6!
Your experience leads to an increase in your attributes!
Your base attributes are Str 14, Int 13, Dex 11.
Increase (S)trength, (I)ntelligence, or (D)exterity?
You feel stronger.
Your scales feel tougher.
The crimson imp barely misses you. The white imp gestures at you.
The puff of frost hits you.
* * * LOW HITPOINT WARNING * * *
Magic scrolls do not work when you're silenced!
You aren't carrying any potions.
You hit the crimson imp.
The crimson imp's magic leaks into the air.
The crimson imp is lightly wounded.
Your butterfly disappears in a puff of smoke!
The crimson imp barely misses you. The white imp completely misses you.
You hit the crimson imp.
The crimson imp is moderately wounded.
Your butterfly disappears in a puff of smoke! x2
The crimson imp hits you.
* * * LOW HITPOINT WARNING * * *
The white imp gestures at you. The puff of frost hits you.
* * * LOW HITPOINT WARNING * * *
You hit the crimson imp. You freeze the crimson imp.
You kill the crimson imp!
The crimson imp disappears in a puff of smoke!
The white imp barely misses you. The white imp gestures at you.
The puff of frost hits you.
* * * LOW HITPOINT WARNING * * *
The white imp gestures at you. The puff of frost misses you.
The white imp is attracted toward you. The ufetubus is attracted toward you.
The white imp gestures at you. The puff of frost hits you.
You die...

### ******************#.#
***,,,,,,,,,,,,,,,,,..#
,,,,****************#.# ,,,*****
#.# ,*,,,,,* #.# ### ,*,,,,,*
##########.#########.. **,,*..***
#ยง55.@................
,,,,*....###.########.#########.#
*,***,,#.....########.#,,,#......
*,,,,,,#..............#,*,#.###.#
*,,*,**#..#..##########,*,#.# #..
,,,*,.....#..# *,*,#.# ###
,***,.#.#*#..# *,*,#.###..
,,,,,,#.,,.(.# *,*,#......
,,*,**#,*..#.#*********,*,#####.#


You could see a white imp (summoned) and an ufetubus (summoned).

Vanquished Creatures
  A gnoll shaman (D:2)
  Natasha (D:3)
  An orc wizard (D:3)
  An adder (D:2)
  3 gnolls (D:2)
  A dart slug (D:1)
  2 orcs (D:3)
  4 ball pythons
  4 bats
  9 endoplasms
  A giant cockroach (D:2)
  3 goblins
  9 hobgoblins
  9 kobolds
  A quokka (D:1)
  6 frilled lizards
  7 rats
63 creatures vanquished.

Vanquished Creatures (others)
  16 plants (D:1)
16 creatures vanquished.

Grand Total: 79 creatures vanquished

Notes
Turn   | Place    | Note
-------+----------+-------------------------------------------
     0 | D:1      | Lekart the Draconian Chaos Knight began the quest for the
                  | Orb.
     0 | D:1      | Reached XP level 1. HP: 19/19 MP: 1/1
    68 | D:1      | Found Teumiuq's Magic Scroll Emporium.
   286 | D:1      | Found Ohyfo's Magic Scroll Shoppe.
   287 | D:1      | You fall into a shaft and drop 1 floor!
   326 | D:2      | Noticed a necrophage
   344 | D:2      | XOM: cast spell 'Summon Small Mammal'
   355 | D:2      | Reached XP level 2. HP: 9/27 MP: 2/2
   433 | D:2      | XOM: divination: detect items
   811 | D:1      | XOM: noise
   863 | D:1      | Found Xush's Magic Scroll Boutique.
  1035 | D:1      | Found a faded altar of an unknown god.
  1046 | D:1      | Reached skill level 4 in Fighting
  1205 | D:1      | Found Cuts's Weapon Boutique.
  1351 | D:1      | Reached XP level 3. HP: 20/33 MP: 3/3
  1469 | D:1      | Found Wollixeu's Jewellery Shoppe.
  1996 | D:1      | XOM: give mutation
  1996 | D:1      | Gained mutation: You are dopey. (Int -2) [Xom's mischief]
  2300 | D:2      | Reached XP level 4. HP: 28/40 MP: 4/4
  2460 | D:2      | Reached skill level 1 in Stealth
  3246 | D:3      | Reached XP level 5. HP: 46/46 MP: 5/5
  3418 | D:3      | Found a hide-covered altar of Uskayaw.
  3685 | D:3      | Noticed Natasha
  3692 | D:3      | Killed Natasha
  3747 | D:3      | XOM: summons 3 hostile demons
  3751 | D:3      | XOM: butterfly on damage
  3766 | D:3      | Reached skill level 13 in Fighting
  3766 | D:3      | Reached XP level 6. HP: 14/72 MP: 6/6
  3770 | D:3      | HP: 1/72 [white imp/puff of frost[Xom] (6)]
  3773 | D:3      | Killed from afar by a white imp

Illustrated notes

Levels and vault maps discovered:
D:1:      minmay_arrival_loop, layout_loops_corners,
          hellmonk_ecumenical_altar_arch_garden, serial_shops,
          nicolae_shop_crystal, nicolae_square_shop, nicolae_square_shop,
          shop_fountains, shop, lexackson_kobold_supper
D:2:      minmay_evil_eye, layout_basic, lightli_corner_chamber
D:3:      layout_basic, pf_just_have_faith, hangedman_decor_diamond_cutter,
          roderic_malta_cross, hangedman_decor_points, uniq_natasha

Skill      XL: |  1  2  3  4  5 |
---------------+----------------+-----
Fighting       | 4 13 | 13.5
Long Blades    | 4 |  4.6
Stealth        | 1 |  1.4
Dodging        | 3 |  3.1

Action                   |  1- 3 |  4- 6 || total
-------------------------+-------+-------++-------
Melee: Falchion          |   140 |    87 ||   227
       Tailslap          |     7 |    14 ||    21
  Use: Scroll            |     2 |     3 ||     5
       Potion            |     1 |     4 ||     5
 Stab: Paralysed         |     1 |       ||     1
       Sleeping          |     1 |     2 ||     3
Armor: Skin              |    53 |    35 ||    88
Dodge: Dodged            |   119 |    79 ||   198

Table legend: (Time is in decaauts)
 A = Elapsed time spent in this place.
 B = Non-inter-level travel time spent in this place.
 C = Inter-level travel time spent in this place.
 D = Time resting spent in this place.
 E = Time spent auto-exploring this place.
 F = Levels seen in this place.
 G = Mean time per level.
                   A        B        C        D        E       F      G
               +--------+--------+--------+--------+--------+-----+--------+
         Total |   3803 |   3749 |     54 |    332 |   2858 |   3 | 1267.7 |
       Dungeon |   3803 |   3749 |     54 |    332 |   2858 |   3 | 1267.7 |
               +--------+--------+--------+--------+--------+-----+--------+

Top non-repeatable levels by time:
     D:1: 1964 daAuts
     D:2: 1252 daAuts
     D:3: 586 daAuts
